 Dungeon Crawl Stone Soup version 0.30-a0-263-ge22c4ad894 (webtiles) character file.

Game seed: 4754014666621194211

1793 Hubris850 the Thaumaturge (level 8, -3/38 (41) HPs)
             Began as a Deep Elf Summoner on Oct 13, 2022.
             Was a Follower of Kikubaaqudgha.
             Slain by a wight
             ... wielding a +4 great sword
              (9 damage)
             ... on level 6 of the Dungeon.
             The game lasted 00:23:16 (4709 turns).

Hubris850 the Thaumaturge (Deep Elf Summoner)       Turns: 4709, Time: 00:23:17

HP:   -3/38 (41)    AC:  4    Str:  5    XL:     8   Next: 82%
MP:   23/23         EV: 13    Int: 23    God:    Kikubaaqudgha [*.....]
Gold: 380           SH:  0    Dex: 15    Spells: 13/25 levels left

rFire   + . .      SeeInvis .    s - +9 spear of a Billion Seas {vorpal, rPois rF+}
rCold   . . .      Faith    .    (no shield)
rNeg    . . .      Spirit   .    a - +0 robe
rPois   +          Reflect  .    (no helmet)
rElec   .          Harm     .    (no cloak)
rCorr   .          Rampage  .    f - +1 pair of gloves
Will    .....                    (no boots)
Stlth   +++.......               w - amulet of the acrobat
HPRegen 0.26/turn                (no ring)
MPRegen 0.18/turn                (no ring)

@: drained
A: no striking features
a: Renounce Religion, Unearth Wretches


You were on level 6 of the Dungeon.
You worshipped Kikubaaqudgha.
Kikubaaqudgha was aware of your devotion.
You visited 2 branches of the dungeon, and saw 7 of its levels.

You collected 380 gold pieces.

Inventory:

Hand Weapons
 c - a +0 short sword
 s - the +9 spear of a Billion Seas (weapon) {vorpal, rPois rF+}
   (You found it on level 5 of the Dungeon)

   It inflicts extra damage upon your enemies.
   rF:        It protects you from fire.
   rPois:     It protects you from poison.
Missiles
 m - 4 silver javelins
 r - 3 atropa-tipped darts
Armour
 a - a +0 robe (worn)
 f - a +1 pair of gloves (worn)
Jewellery
 w - an amulet of the acrobat (around neck)
Wands
 x - a wand of roots (7)
Scrolls
 d - a scroll of magic mapping {unknown}
 g - 4 scrolls of teleportation {unknown}
 i - a scroll of amnesia {unknown}
 j - a scroll of poison {unknown}
 p - 2 scrolls of identify {unknown}
 t - a scroll of enchant weapon {unknown}
 u - a scroll of butterflies {unknown}
 y - a scroll of vulnerability {unknown}
 z - a scroll of noise {unknown}
Potions
 b - a potion of magic
 e - a potion of flight {unknown}
 h - a potion of might {unknown}
 k - 2 potions of berserk rage {unknown}
 l - 6 potions of heal wounds {unknown}
 n - a potion of lignification {unknown}
 o - 2 potions of curing {unknown}
 q - a potion of brilliance {unknown}
 v - a potion of attraction {unknown}


   Skills:
 - Level 3.1 Dodging
 + Level 6.6 Stealth
 + Level 9.1 Spellcasting
 + Level 5.9 Hexes
 - Level 6.6 Summonings
 + Level 5.0 Necromancy


You had 13 spell levels left.
You knew the following spells:

 Your Spells              Type           Power      Damage    Failure   Level
a - Summon Small Mammal   Summ           100%       N/A       1%          1
b - Call Imp              Summ           41%        N/A       1%          2
c - Call Canine Familiar  Summ           41%        N/A       1%          3
d - Summon Guardian Gole  Hex/Summ       39%        N/A       1%          3
e - Tukima's Dance        Hex            37%        N/A       1%          3

Your spell library contained the following spells:

 Spells                   Type           Power      Damage    Failure   Level
 Necrotise                Necr           100%       1d9       1%          1
 Sublimation of Blood     Necr           33%        N/A       1%          2
 Vampiric Draining        Necr           33%        2d8       2%          3
 Portal Projectile        Hex/Tloc       48%        N/A       5%          3
 Animate Dead             Necr           33%        N/A       8%          4
 Summon Lightning Spire   Summ/Air       25%        N/A       16%         4
 Gell's Gravitas          Tloc           10%        N/A       19%         3
 Lesser Beckoning         Tloc           20%        N/A       19%         3
 Teleport Other           Tloc           10%        N/A       19%         3
 Blade Hands              Tmut           5%         N/A       86%         5


Dungeon Overview and Level Annotations

Branches:
Dungeon (7/15)             Temple (1/1) D:5

Altars:
Cheibriados
Dithmenos
Gozag
Hepliaklqana
Kikubaaqudgha
Qazlal
Uskayaw
Vehumet
Zin


Message History

You add the spells Necrotise, Sublimation of Blood, Vampiric Draining and Animate Dead to your library.
Your Necromancy skill increases to level 5!
z - a scroll labelled FIAFE ZEEG AZIWN
Things that are here:
a +2 battleaxe; a +0 robe
There is a stone staircase leading down here.
You start resting.
Magic restored.
You start resting.
HP restored.
(D) Dungeon (T) Temple
Where to? (Enter - D:7, ? - help)
You climb downwards.
There is a stone staircase leading up, spattered with blood here.
There are monsters nearby!
You hit the wight.
The wight is moderately damaged.
The wight hits you with a +4 great sword!
The wight misses you.
You climb upwards.
There is a stone staircase leading down here.
You hit the wight.
The wight is heavily damaged.
The wight barely misses you.
You barely miss the wight.
The wight is heavily damaged.
The wight misses you.
You hit the wight but do no damage.
The wight is heavily damaged.
The wight closely misses you.
You hit the wight but do no damage.
The wight is heavily damaged.
The wight hits you with a +4 great sword!!
Ouch! That really hurt!
* * * LOW HITPOINT WARNING * * *
You closely miss the wight.
The wight is heavily damaged.
The wight hits you with a +4 great sword!
You die...
Kikubaaqudgha rasps: "You have failed me!
Welcome... death!"

......).......#..................
.#☼.☼§.###....<.....#####........
.#.§_..##...........# #.#######
.#.§.○..............# #.#
.#..§...............# #.#
.##.................#####)#######
.###..###...............†........
.# #..# ##......[...#†##÷########
.# #..# ##....z@#####).......>##
§# #..# ##.####.###)##..####(.)
.###..######.# #..#..##h)# #..#
.............# #...#.##()# #..#
##.#..#####.## #...#.##..# #..#
#.#..# #.# #......#.)# #..#
#.#..# #.# #......)..# #..#
#.#..# #.# ##.#..###.# #..#
#.#..# #.# #....# #.####..#


You could see a wight.

Vanquished Creatures
  A black bear (D:6)
  A centaur (D:6)
  2 wights
  A howler monkey zombie (D:7)
  3 orcs
  A frilled lizard (D:1)
  2 rats
11 creatures vanquished.

Vanquished Creatures (collateral kills)
  Grinder (D:3)
  A black bear (D:6)
  2 ogres (D:5)
  A centaur (D:5)
  A bullfrog (D:7)
  A scorpion (D:6)
  An orc priest (D:6)
  A hound (D:5)
  A jelly (D:5)
  Jessica (D:2)
  2 iguanas
  4 orc wizards
  Terence (D:3)
  4 gnolls (D:2)
  2 adders
  A shadow imp (D:5)
  A worm (D:2)
  3 dart slugs (D:1)
  16 orcs
  3 endoplasms
  2 giant cockroaches
  A goblin (D:1)
  5 hobgoblins
  2 jackals (D:3)
  4 kobolds
  2 quokkas (D:2)
  A ball python (D:1)
  5 bats
  3 frilled lizards
  6 rats
79 creatures vanquished.

Vanquished Creatures (others)
  A wyvern (D:7)
  2 water moccasins
  2 orc priests
  A withered plant (D:7)
6 creatures vanquished.

Grand Total: 96 creatures vanquished

Notes
Turn   | Place    | Note
-------+----------+-------------------------------------------
     0 | D:1      | Hubris850 the Deep Elf Summoner began the quest for the
                  | Orb.
     0 | D:1      | Reached XP level 1. HP: 10/10 MP: 6/6
   103 | D:1      | Reached XP level 2. HP: 14/15 MP: 4/8
   176 | D:1      | Found a faded altar of an unknown god.
   503 | D:1      | Learned a level 2 spell: Call Imp
   913 | D:1      | Reached skill level 4 in Spellcasting
  1006 | D:2      | Noticed Jessica
  1028 | D:2      | Killed Jessica
  1029 | D:2      | Reached skill level 5 in Summonings
  1029 | D:2      | Reached XP level 3. HP: 16/19 MP: 5/10
  1057 | D:2      | Learned a level 3 spell: Call Canine Familiar
  1061 | D:2      | Learned a level 3 spell: Summon Guardian Golem
  1427 | D:2      | Reached XP level 4. HP: 24/24 MP: 7/12
  1495 | D:2      | Reached skill level 5 in Spellcasting
  2280 | D:3      | Noticed Terence
  2297 | D:3      | Killed Terence
  2386 | D:3      | Noticed Grinder
  2420 | D:3      | Reached XP level 5. HP: 28/28 MP: 5/14
  2434 | D:3      | Killed Grinder
  2435 | D:3      | Reached skill level 6 in Spellcasting
  2435 | D:3      | Reached XP level 6. HP: 32/32 MP: 1/17
  2439 | D:3      | Learned a level 3 spell: Tukima's Dance
  2687 | D:3      | You fall into a shaft and drop 2 floors!
  2687 | D:5      | Entered Level 5 of the Dungeon
  2687 | D:5      | Found a staircase to the Ecumenical Temple.
  2692 | Temple   | Entered the Ecumenical Temple
  2700 | Temple   | Became a worshipper of Kikubaaqudgha
  2745 | D:5      | Reached skill level 1 in Hexes
  2751 | D:5      | Reached skill level 7 in Spellcasting
  2906 | D:5      | Reached XP level 7. HP: 36/36 MP: 16/19
  2966 | D:5      | Found a shadowy altar of Dithmenos.
  2981 | D:5      | Reached skill level 1 in Necromancy
  3152 | D:5      | Identified the +9 spear of a Billion Seas {vorpal, rPois
                  | rF+}
  3984 | D:6      | Reached XP level 8. HP: 41/41 MP: 11/21
  4231 | D:6      | Reached skill level 5 in Stealth
  4237 | D:6      | Reached skill level 8 in Spellcasting
  4367 | D:6      | Found a radiant altar of Vehumet.
  4569 | D:7      | Reached skill level 5 in Hexes
  4598 | D:7      | Reached skill level 9 in Spellcasting
  4607 | D:6      | Reached * piety under Kikubaaqudgha
  4607 | D:6      | Received a gift from Kikubaaqudgha
  4608 | D:6      | Reached skill level 5 in Necromancy
  4709 | D:6      | Slain by a wight

Illustrated notes

Levels and vault maps discovered:
D:1:      minmay_arrival_four_loops, layout_basic,
          hellmonk_ecumenical_altar_heavens_door, minmay_crystal_water
D:2:      layout_basic, minmay_circle_x, uniq_jessica
D:3:      layout_basic, kennysheep_small_spiral, uniq_terence, uniq_natasha,
          uniq_grinder
D:5:      layout_basic, grunt_dithmenos_smoke_and_mirrors,
          minmay_temple_entry_statues_pillars, minmay_misc_feat_doors,
          minmay_misc_feat_room, bh_walls_and_bars
D:6:      layout_loops_ring, fiery_altar_vehumet
D:7:      cheibrodos_iron_armory, layout_cave_pools, serial_undead,
          serial_undead_b, serial_undead_b, serial_undead_f, serial_undead_b,
          serial_undead_e, serial_undead_a, nrook_campfire,
          kb_lookout_dungeons_type, minmay_misc_feat_plants,
          kennysheep_minor_cross, amcnicky_mini_rare_corridor_liquid
Temple:   nicolae_temple_great_sept

Skill      XL: |  1  2  3  4  5  6  7  8 |
---------------+-------------------------+-----
Spellcasting   | 4 5 6 7 9 |  9.1
Summonings     | 5 6 |  6.6
Hexes          | 2 4 5 |  5.9
Dodging        | 3 |  3.1
Stealth        | 3 4 6 |  6.6
Necromancy     | 3 5 |  5.0

Action                   |  1- 3 |  4- 6 |  7- 9 || total
-------------------------+-------+-------+-------++-------
Melee: Unarmed           |    19 |       |       ||    19
       Short sword       |    12 |    18 |       ||    30
       Punch             |     1 |       |       ||     1
       Spear             |       |       |    37 ||    37
 Cast: Summon Small Mamm |    36 |    22 |     4 ||    62
       Call Imp          |     3 |     5 |     6 ||    14
       Call Canine Famil |     2 |    13 |    12 ||    27
       Summon Guardian G |       |     4 |     6 ||    10
Armor: Robe              |    18 |    10 |     7 ||    35
Dodge: Dodged            |    25 |    32 |    29 ||    86

Table legend: (Time is in decaauts)
 A = Elapsed time spent in this place.
 B = Non-inter-level travel time spent in this place.
 C = Inter-level travel time spent in this place.
 D = Time resting spent in this place.
 E = Time spent auto-exploring this place.
 F = Levels seen in this place.
 G = Mean time per level.
                   A        B        C        D        E       F      G
               +--------+--------+--------+--------+--------+-----+--------+
         Total |   4713 |   4580 |    133 |    199 |   3274 |   7 |  673.3 |
       Dungeon |   4696 |   4571 |    125 |    199 |   3274 |   6 |  782.7 |
        Temple |     16 |      8 |      8 |      0 |      0 |   1 |   16.0 |
               +--------+--------+--------+--------+--------+-----+--------+

Top non-repeatable levels by time:
     D:2: 1247 daAuts
     D:5: 1061 daAuts
     D:1: 999 daAuts
     D:6: 901 daAuts
     D:3: 439 daAuts
     D:7: 46 daAuts
  Temple: 16 daAuts
